 Dungeon Crawl Stone Soup version 0.28-a0-1159-g27aa881441 (webtiles) character file.

Game seed: 18101853584422464692

2377 spaghetti the Covert (level 9, 0/56 HPs)
             Began as an Octopode Delver on Dec 15, 2021.
             Was an Initiate of Gozag.
             Succumbed to Maurice's poison
             ... on level 8 of the Dungeon.
             The game lasted 00:16:44 (7379 turns).

spaghetti the Covert (Octopode Delver)              Turns: 7379, Time: 00:16:45

Health: 0/56       AC:  4    Str: 11    XL:     9   Next: 45%
Magic:  9/9        EV: 12    Int: 16    God:    Gozag
Gold:   341        SH: 17    Dex: 14    Spells: 8/8 levels left

rFire   . . .      SeeInvis .   u - +2 whip (distort) {!wmace}
rCold   . . .      Faith    .   t - +2 kite shield {AC+3}
rNeg    + . .      Spirit   .   (helmet restricted)
rPois   .          Reflect  +   d - amulet of reflection
rElec   +          Harm     .   e - ring of positive energy
rCorr   .          Rampage  .   A - ring of wizardry
Will    .....                   (no ring)
Stlth   +++++.....              (no ring)
HPRegen 0.18/turn               (no ring)
MPRegen 0.11/turn               (no ring)
                                (no ring)
                                (no ring)

@: lethally poisoned (0 -> -14)
A: almost no armour, amphibious, 8 rings, camouflage 1, gelatinous body 1,
(nimble swimmer 1), tentacles, screaming 1, electricity resistance
a: Renounce Religion, Potion Petition, Call Merchant, Bribe Branch


You were on level 8 of the Dungeon.
You worshipped Gozag.
Gozag was aware of your devotion.
You visited 2 branches of the dungeon, and saw 9 of its levels.

You collected 680 gold pieces.
You paid 339 gold pieces to Gozag.


Innate Abilities, Weirdness & Mutations

You cannot wear most types of armour.
You are amphibious.
You can wear up to eight rings at the same time.
Your skin changes colour to match your surroundings (Stealth+).
Your rubbery body absorbs attacks. (AC +1, EV +1)
((You are camouflaged near water. (Stealth+)))
You have tentacles for arms and can constrict up to eight enemies at once.
You occasionally shout uncontrollably at your foes.
You are resistant to electric shocks. (rElec)


   Skills:
 - Level 3.0 Fighting
 - Level 2.0 Long Blades
 + Level 7.8(7.9) Maces & Flails
 - Level 2.1(5.3) Staves
 - Level 2.0 Dodging
 - Level 9.6 Stealth
 + Level 7.8 Shields


You had 8 spell levels left.
You didn't know any spells.
Your spell library contained the following spells:

 Spells                   Type           Power      Damage    Failure   Level
 Ensorcelled Hibernation  Hex/Ice        0%         N/A       34%         2
 Conjure Flame            Conj/Fire      0%         6-21      56%         3
 Ignite Poison            Fire/Tmut/Pois 0%         N/A       56%         3
 Spider Form              Tmut/Pois      0%         N/A       56%         3
 Sticky Flame             Conj/Fire      0%         2d3       91%         4

Inventory:

Hand Weapons
 a - a +1 falchion {long}
 g - a +0 quarterstaff {staff}
   (You found it on level 2 of the Dungeon)
 u - a +2 whip of distortion (weapon) {!wmace}
   (You found it on level 2 of the Dungeon)
Missiles
 i - 4 datura-tipped darts {throwing}
 k - 321 stones {throwing}
 l - 50 arrows
 o - 48 bolts
 q - 2 boomerangs {throwing}
 s - 29 poisoned darts (quivered) {throwing}
 v - 20 sling bullets
Armour
 t - a +2 kite shield of protection (worn)
   (You acquired it on level 2 of the Dungeon)
Jewellery
 d - an amulet of reflection (around mantle)
   (You found it on level 7 of the Dungeon)
 e - a ring of positive energy (left tentacle)
   (You found it on level 4 of the Dungeon)
 n - a ring of fire
   (You found it on level 1 of the Dungeon)
 A - a ring of wizardry (right tentacle)
   (You took it off a gnoll on level 6 of the Dungeon)
Scrolls
 b - 2 scrolls of fog
 c - 2 scrolls of magic mapping {!r}
 w - a scroll of vulnerability {!r!r}
 x - a scroll of enchant armour
 y - a scroll of enchant weapon
Potions
 r - a potion of magic
 z - 2 potions of attraction {!q}

Dungeon Overview and Level Annotations

Branches:
Dungeon (8/15)             Temple (1/1) D:7
   Lair: D:8-11

Altars:
Ashenzari
Cheibriados
Dithmenos
Elyvilon
Fedhas
Gozag
Hepliaklqana
Makhleb
Nemelex Xobeh
Okawaru
Qazlal
Ru
Sif Muna
Trog
Uskayaw
Vehumet
Wu Jian
Xom
Yredelemnul
Zin
The Shining One

Shops:
D:7 (

Annotations:
D:3 2 runed translucent doors, dolemite99's ghost, amateur MiGl
D:6 3 runed translucent doors, RancidPinata's ghost, weakling GrDe; runemasterragnar's ghost, weakling DDNe
D:7 2 transporters, horus123's ghost, novice HuCA
D:8 Maurice

******
*,,,,#################*****
*,,,,#.......#..'....#,,,.#
*,,,,#.......#..#....#,,..#
*,,,,#..........##...#*..#***
*,,,,#.....<@#..##...##..##,,
*****,,,,#.......#.............,,
*,,,,****#..##..##.............,,
*,,,,*,,,+..##+###.{...........,,
*,,,,+,,,#..........###+###..#*,>
*,,,,*,,,#........).##...##..**,,
*,,,,****#...................#,,,
*,,,,,,,,#.,.................#,,,
*,,,,,,,,#..*#..##..#######..#,,,


There were no monsters in sight!


Message History

Okay, then.
Okay, then.
Aiming: Dig
Press: ? - help, Shift-Dir - straight line A rock wall.
The rock shatters into small pieces.
* * * LOW HITPOINT WARNING * * *
You feel very sick. 😱 HP[-3]
You take 3 damage, and now have 10/56 hp.
You feel sick.
The orc is distracted by your dazzling golden aura. 😱 HP[-2]
You take 2 damage, and now have 8/56 hp.
You feel sick. 😱 HP[-1]
You take 1 damage, and now have 7/56 hp.
Okay, then.
Okay, then.
As you read the scroll of fog, it crumbles to dust.
The scroll dissolves into smoke.
You feel sick. 😱 HP[-1]
You take 1 damage, and now have 6/56 hp.
You feel sick. 😱 HP[-1]
You take 1 damage, and now have 5/56 hp.
A water moccasin comes into view.
You feel sick. 😱 HP[-1]
You take 1 damage, and now have 4/56 hp.
Okay, then.
Okay, then.
Okay, then.
You are quite poisoned (4 -> 2).
You have 4 tentacles available for constriction.
Your movement speed is average.
Your attack delay is about 0.8 (and is slowed by your insufficient shield skill).
Unknown command.
Okay, then.
Okay, then.
Okay, then.
Okay, then.
Okay, then.
Okay, then.
Press: ? - help, v - describe, . - travel, g - get item Item here: a scratched sapphire ring.
The floor.
Unknown command.
You feel sick. 😱 HP[-1]
You take 1 damage, and now have 3/56 hp.
Okay, then.
Okay, then.
Unknown command.
You feel sick.
You are no longer poisoned. 😱 HP[-1]
You take 1 damage, and now have 2/56 hp. 😱 HP[+1]
Okay, then.
Unknown command.
Unknown command.
Okay, then.
As you read the scroll of fog, it crumbles to dust.
The scroll dissolves into smoke. 😱 HP[+1]
Okay, then.
Okay, then.
Something drops a +0 dagger.
Something picks up a spear.
There is an open door here. 😱 HP[+1]
You close the door.
You hear a shout! 😱 HP[+1]
Aiming: Dig
Press: ? - help, Shift-Dir - straight line A rock wall.
The rock shatters into small pieces.
The now-empty wand crumbles to dust.
A poisoned dart appears from out of thin air!
The poisoned dart {throwing} hits you!
You are lethally poisoned!
Found a stone staircase leading up.
* * * LOW HITPOINT WARNING * * *
You feel very sick.
A poisoned dart appears from out of thin air!
The poisoned dart {throwing} hits you!
You are more poisoned. 😱 HP[-3]
You take 3 damage, and now have 3/56 hp.
Unknown command.
Okay, then.
Okay, then.
You are lethally poisoned (3 -> -11).
You have 4 tentacles available for constriction.
Your movement speed is average.
Your attack delay is about 0.8 (and is slowed by your insufficient shield skill).
Unknown command.
Unknown command.
You die...
Your body crumbles into a pile of gold.

Skill      XL: |  1  2  3  4  5  6  7  8  9 |
---------------+----------------------------+-----
Stealth        | 7 8 9 |  9.6
Staves         | 1 2 |  2.1
Maces & Flails | 1 2 4 6 7 |  7.8
Shields        | 1 2 4 6 7 |  7.8
Fighting       | |  3.0
Long Blades    | |  2.0
Dodging        | |  2.0

Action                   |  1- 3 |  4- 6 |  7- 9 || total
-------------------------+-------+-------+-------++-------
Melee: Falchion          |    15 |     2 |       ||    17
       Tentacles         |     7 |    17 |    29 ||    53
       Constrict         |     9 |    25 |    32 ||    66
       Quarterstaff      |    35 |    15 |       ||    50
       Whip              |       |    78 |   148 ||   226
       Kick              |       |     3 |    19 ||    22
Throw: Stone             |       |       |     8 ||     8
       Boomerang         |       |       |     7 ||     7
       Dart              |       |       |     4 ||     4
Invok: Potion Petition   |       |       |     1 ||     1
Evoke: Wand              |       |       |    10 ||    10
  Use: Scroll            |     3 |     3 |    12 ||    18
       Potion            |     1 |     8 |     4 ||    13
 Stab: Sleeping          |    15 |    15 |     4 ||    34
       Distracted        |       |       |     1 ||     1
Armor: Skin              |     2 |    14 |    13 ||    29
Dodge: Dodged            |    32 |    21 |    27 ||    80
Block: Kite shield       |       |    33 |    94 ||   127
       Reflection        |       |       |     3 ||     3

Levels and vault maps discovered:
D:1:      dpeg_arrival_lava_altar, layout_basic, minmay_box_of_dots
D:2:      minmay_roachtagon, layout_loops_ring, ebering_ecumenical_altar_box,
          minmay_divided_ellipse
D:3:      layout_rooms, ebering_ghost_sewer_f
D:4:      layout_gridville, mainiacjoe_overflow_chevrons,
          mainiacjoe_overflow_concentric_impassable, lightli_temple_of_fire,
          uniq_sigmund
D:5:      layout_basic, uniq_duvessa
D:6:      layout_loops_cross, mainiacjoe_overflow_six_doors_small,
          okawaru_gym_becter, gammafunk_ghost_cemetery
D:7:      layout_gridville, temple_fountains, serial_shops,
          nicolae_shop_statue_plus, gammafunk_ghost_berserking_beasts,
          enter_bailey_2, minmay_misc_feat_more_columns, st_stairs_8,
          nrook_campfire
D:8:      layout_gridville, mainiacjoe_overflow_alcove_4, uniq_maurice,
          uniq_joseph
Temple:   eino_wide_crystal_templ

Notes
Turn   | Place    | Note
-------+----------+-------------------------------------------
     0 | D:5      | spaghetti the Octopode Delver began the quest for the Orb.
     0 | D:5      | Reached XP level 1. HP: 16/16 MP: 1/1
     0 | D:5      | magus.rc [v1.9.6]
    21 | D:5      | Reached skill level 7 in Stealth
    21 | D:5      | Reached XP level 2. HP: 14/21 MP: 2/2
   143 | D:6      | Found a shadowy altar of Dithmenos.
   389 | D:3      | Reached XP level 3. HP: 24/26 MP: 3/3
   684 | D:2      | Found a faded altar of an unknown god.
   835 | D:1      | Reached skill level 8 in Stealth
   874 | D:1      | You add the spells Conjure Flame, Ignite Poison and Sticky
                  | Flame to your library.
  1288 | D:1      | Reached skill level 1 in Staves
  1418 | D:1      | Found a broken altar of Ashenzari.
  1552 | D:2      | Reached XP level 4. HP: 27/31 MP: 4/4
  1961 | D:2      | Reached skill level 2 in Staves
  2074 | D:2      | Identified a scroll of acquirement
  2075 | D:2      | Acquired a +2 kite shield of protection
  2128 | D:2      | Reached XP level 5. HP: 31/36 MP: 5/5
  2437 | D:3      | Reached skill level 1 in Maces & Flails
  2437 | D:3      | Reached skill level 1 in Shields
  2440 | D:3      | Reached skill level 9 in Stealth
  2520 | D:3      | Gained mutation: You are weak. (Str -2) [potion of
                  | mutation]
  2520 | D:3      | Gained mutation: You are partially covered in iridescent
                  | scales. (AC +2) [potion of mutation]
  2758 | D:3      | Found a runed translucent door.
  2759 | D:3      | Noticed dolemite99's ghost (amateur MiGl)
  2818 | D:3      | Reached XP level 6. HP: 42/42 MP: 6/6
  3034 | D:3      | Found a runed translucent door.
  3165 | D:4      | Noticed Sigmund
  3179 | D:4      | Lost mutation: You are weak. (Str -2) [potion of mutation]
  3179 | D:4      | Lost mutation: You are partially covered in iridescent
                  | scales. (AC +2) [potion of mutation]
  3179 | D:4      | Gained mutation: You are weak. (Str -2) [potion of
                  | mutation]
  3179 | D:4      | Gained mutation: Your flesh is heat resistant. (rF+)
                  | [potion of mutation]
  3179 | D:4      | Gained mutation: You expend magic power (3 MP) to
                  | strengthen your wands. [potion of mutation]
  3202 | D:4      | HP: 10/42 [something/magic dart (5)]
  3205 | D:4      | Killed Sigmund
  3206 | D:4      | Reached skill level 2 in Maces & Flails
  3206 | D:4      | Reached skill level 2 in Shields
  3419 | D:4      | Found a basalt altar of Yredelemnul.
  3455 | D:4      | Found a burning altar of Makhleb.
  3528 | D:4      | Lost mutation: You expend magic power (3 MP) to strengthen
                  | your wands. [potion of mutation]
  3528 | D:4      | Lost mutation: Your flesh is heat resistant. (rF+) [potion
                  | of mutation]
  3528 | D:4      | Lost mutation: You are weak. (Str -2) [potion of mutation]
  3528 | D:4      | Gained mutation: You occasionally shout uncontrollably at
                  | your foes. [potion of mutation]
  3528 | D:4      | Gained mutation: One of your tentacles bears a spike.
                  | [potion of mutation]
  3528 | D:4      | Gained mutation: You are strong-willed. (Will+) [potion of
                  | mutation]
  3542 | D:4      | Found a white marble altar of Elyvilon.
  3656 | D:4      | Reached XP level 7. HP: 46/46 MP: 7/7
  3928 | D:5      | Reached skill level 3 in Maces & Flails
  3928 | D:5      | Reached skill level 3 in Shields
  3996 | D:5      | Noticed Duvessa
  3996 | D:5      | Noticed Dowan
  4081 | D:5      | Killed Dowan
  4374 | D:5      | Killed Duvessa
  4375 | D:5      | Reached skill level 4 in Maces & Flails
  4375 | D:5      | Reached skill level 4 in Shields
  4460 | D:6      | Found a runed translucent gate.
  4460 | D:6      | Found a runed translucent gate.
  4460 | D:6      | Found a runed translucent gate.
  4476 | D:6      | HP: 4/46 [orc priest/divine providence (11)]
  4553 | D:6      | HP: 7/46 [orc warrior/boomerang (9)]
  4929 | D:7      | Found a staircase to the Ecumenical Temple.
  4939 | Temple   | Entered the Ecumenical Temple
  5048 | Temple   | Became a worshipper of Gozag Ym Sagoz the Greedy
  5158 | D:7      | Reached XP level 8. HP: 51/52 MP: 8/8
  5290 | D:7      | Found a transporter.
  5292 | D:7      | Noticed horus123's ghost (novice HuCA)
  5293 | D:7      | Noticed a catoblepas
  5309 | D:7      | Found a transporter.
  5312 | D:7      | Noticed a moth of wrath
  5350 | D:7      | Reached skill level 5 in Maces & Flails
  5350 | D:7      | Reached skill level 5 in Shields
  5952 | D:6      | Lost mutation: One of your tentacles bears a spike. [potion
                  | of mutation]
  5952 | D:6      | Lost mutation: You are strong-willed. (Will+) [potion of
                  | mutation]
  5952 | D:6      | Gained mutation: You are resistant to electric shocks.
                  | (rElec) [potion of mutation]
  6013 | D:6      | You pick up a book of Dreams and begin reading...
  6013 | D:6      | You add the spells Ensorcelled Hibernation and Spider Form
                  | to your library.
  6122 | D:6      | Reached skill level 6 in Maces & Flails
  6122 | D:6      | Reached skill level 6 in Shields
  6402 | D:6      | Noticed RancidPinata's ghost (weakling GrDe)
  6402 | D:6      | Noticed runemasterragnar's ghost (weakling DDNe)
  6470 | D:6      | Found an iron altar of Okawaru.
  6498 | D:6      | Reached XP level 9. HP: 49/56 MP: 9/9
  6624 | D:6      | Reached skill level 7 in Maces & Flails
  6624 | D:6      | Reached skill level 7 in Shields
  6887 | D:7      | Found Cust's Weapon Shoppe.
  7327 | D:8      | Noticed Maurice
  7349 | D:8      | HP: 13/56 [something/iceblast (13)]
  7354 | D:8      | HP: 6/56 [poisoned by Maurice]
  7358 | D:8      | HP: 2/56 [poisoned by Maurice]
  7378 | D:8      | HP: 3/56 [poisoned by Maurice]
  7379 | D:8      | Succumbed to Maurice's poison

Vanquished Creatures
  Sigmund (D:4)
  2 water moccasins
  Duvessa (D:5)
  An orc warrior (D:6)
  2 ice beasts (D:6)
  2 ogres
  A phantom (D:7)
  A water moccasin zombie (D:6)
  A scorpion (D:6)
  Dowan (D:5)
  A howler monkey (D:7)
  2 hounds
  5 orc priests
  2 bullfrog skeletons
  A jelly (D:6)
  A centaur skeleton (D:7)
  An iguana (D:7)
  4 orc wizards
  A killer bee zombie (D:6)
  A hound zombie (D:5)
  A howler monkey zombie (D:8)
  8 gnolls
  7 adders
  2 shadow imps
  A white imp (D:8)
  An ufetubus (D:5)
  An adder skeleton (D:4)
  A worm (D:3)
  A dart slug (D:2)
  19 orcs
  5 endoplasms
  13 giant cockroaches
  9 goblins
  4 hobgoblins
  6 kobolds
  2 quokkas
  6 ball pythons
  4 bats
  3 frilled lizards
  5 rats
131 creatures vanquished.

Table legend:
 A = Non-vault XP
 B = Vault XP
 C = Vault XP percentage of total XP
 D = Non-vault monster count
 E = Vault monster count
 F = Vault count percentage of total count
                 A         B        C        D         E       F
            +---------+---------+-------+---------+---------+-------
      Total |    2733 |     664 |  19.5 |     107 |      30 |  21.9
            +---------+---------+-------+---------+---------+-------
        D:1 |      23 |       4 |  14.8 |      13 |       3 |  18.8
        D:2 |      44 |     107 |  70.9 |      12 |      22 |  64.7
        D:3 |     152 |       0 |   0.0 |      21 |       0 |   0.0
        D:4 |     195 |     223 |  53.3 |      12 |       1 |   7.7
        D:5 |      42 |     216 |  83.7 |       3 |       2 |  40.0
        D:6 |    1149 |       0 |   0.0 |      23 |       0 |   0.0
        D:7 |     627 |     114 |  15.4 |      13 |       2 |  13.3
        D:8 |     501 |       0 |   0.0 |      10 |       0 |   0.0
            +---------+---------+-------+---------+---------+-------

Illustrated notes

Table legend:
 A = Kills in this place as a percentage of kills in entire the game.
 B = Kills by you in this place as a percentage of kills by you in the entire game.
 C = Kills by friends in this place as a percentage of kills by friends in the entire game.
 D = Other kills in this place as a percentage of other kills in the entire game.
 E = Experience gained in this place as a percentage of experience gained in the entire game.
 F = Experience gained in this place divided by the number of levels of this place that you have seen.
                   A       B       C       D       E      F
               +-------+-------+-------+-------+-------+----------------------
         Total | 100.0 | 100.0 |   N/A | 100.0 | 100.0 | 377.4
       Dungeon | 100.0 | 100.0 |   N/A | 100.0 | 100.0 | 424.6
               +-------+-------+-------+-------+-------+----------------------

Table legend: (Time is in decaauts)
 A = Elapsed time spent in this place.
 B = Non-inter-level travel time spent in this place.
 C = Inter-level travel time spent in this place.
 D = Time resting spent in this place.
 E = Time spent auto-exploring this place.
 F = Levels seen in this place.
 G = Mean time per level.
                   A        B        C        D        E       F      G
               +--------+--------+--------+--------+--------+-----+--------+
         Total |   7408 |   7159 |    249 |   1992 |   3906 |   9 |  823.1 |
       Dungeon |   7283 |   7050 |    233 |   1992 |   3814 |   8 |  910.4 |
        Temple |    125 |    109 |     16 |      0 |     92 |   1 |  125.0 |
               +--------+--------+--------+--------+--------+-----+--------+

Top non-repeatable levels by time:
     D:2: 1464 daAuts
     D:7: 1308 daAuts
     D:6: 1103 daAuts
     D:4: 941 daAuts
     D:5: 843 daAuts
     D:1: 731 daAuts
     D:3: 551 daAuts
     D:8: 341 daAuts
  Temple: 125 daAuts
